Map: [TLMC19] Insomniac Doze

Players

Nice

  • Race: Protoss Protoss
  • Spawn Location: 11:00

BlyOnFire (Bly) - Winner!

  • Race: Zerg Zerg
  • Spawn Location: 5:00

VOD

Have the link to the VOD?

Description

Time

  • Played on: Dec. 19, 2023, 9:07 a.m.
  • Length: 8:59
Show
View Real Time Build Order
Export as new Build Order

Nice Protoss 

Build Orders: 1 Gate Expand, Oracle Opening 

Get SALT Encoding   

  12  0:00  Probe  
  13  0:12  Probe  
  14  0:23  Pylon  
  14  0:24  Probe  
  15  0:41  Probe (Chrono Boost)  
  15  0:42  Gateway  
  16  0:45  Assimilator  
  16  0:52  Probe (Chrono Boost)  
  17  0:57  Probe (Chrono Boost)  
  18  1:08  Probe  
  19  1:20  Probe  
  20  1:29  Nexus  
  20  1:37  Cybernetics Core  
  20  1:42  Assimilator, Probe  
  21  1:49  Pylon  
  21  1:58  Probe  
  22  2:10  Adept (Chrono Boost), Probe  
  25  2:22  Probe  
  26  2:25  Stargate  
  26  2:33  Adept  
  26  2:34  Probe (Chrono Boost)  
  29  2:39  Warp Gate  
  31  2:44  Probe (Chrono Boost)  
  31  2:45  Probe (Chrono Boost)  
  33  2:52  Probe (Chrono Boost)  
  33  2:53  Probe (Chrono Boost)  
  33  2:59  Gateway  
  33  3:04  Adept  
  35  3:10  Oracle (Chrono Boost)  
  37  3:15  Probe x2  
  39  3:25  Pylon  
  39  3:28  Pylon  
  39  3:31  Probe x2  
  40  3:44  Oracle (Chrono Boost)  
  41  3:51  Probe x2  
  43  4:00  Gateway  
  43  4:03  Probe x2  
  45  4:15  Probe  
  44  4:20  Probe  
  44  4:22  Pylon  
  44  4:23  Void Ray (Chrono Boost)  
  49  4:27  Twilight Council, Probe  
  50  4:32  Probe  
  50  4:34  Pylon  
  50  4:38  Adept  
  53  4:39  Probe  
  53  4:43  Adept  
  53  4:45  Probe  
  57  4:51  Probe  
  58  4:57  Resonating Glaives (Chrono Boost), Probe  
  58  4:58  Adept  
  61  5:04  Probe  
  62  5:09  Probe  
  62  5:11  Assimilator  
  63  5:14  Gateway  
  63  5:15  Gateway  
  63  5:16  Adept, Probe  
  63  5:20  Gateway  
  66  5:21  Adept  
  66  5:22  Adept  
  70  5:31  Pylon  
  70  5:52  Nexus  
  70  5:54  Adept x3  
  76  5:57  Shield Battery  
  76  5:59  Probe x2  
  78  6:07  Pylon  
  78  6:15  Gateway  
  78  6:16  Pylon  
  78  6:26  Adept  
  78  6:27  Adept x3  
  78  6:31  Pylon  
  86  6:33  Charge (Chrono Boost), Pylon  
  86  6:36  Pylon  
  86  6:38  Adept  
  88  6:42  Probe x2  
  78  7:01  Adept x4  
  78  7:02  Adept x2  
  82  7:11  Probe x2  
  80  7:23  Adept x3  
  80  7:24  Adept x4  
  94  7:30  Probe  
  94  7:31  Probe x2  
  94  7:34  Forge  
  95  7:43  Probe  
  95  7:44  Probe  
  97  7:47  Zealot x5  
  73  7:59  Sentry x2  
  73  8:03  Shield Battery  
  77  8:05  Pylon  
  77  8:07  Shield Battery  
  77  8:09  Assimilator, Shield Battery  
  77  8:11  Sentry  
  77  8:12  Stalker x2, Sentry  
  83  8:16  Stalker  
  87  8:34  Stalker x2  
  81  8:35  Adept  
  81  8:37  Adept  
Show
View Real Time Build Order
Export as new Build Order

BlyOnFire Zerg - Winner!

Build Orders: Hatch First 

Get SALT Encoding   

  12  0:00  Drone  
  13  0:10  Drone  
  14  0:19  Drone, Extractor x2  
  14  0:20  Drone  
  16  0:49  Overlord  
  16  0:52  Hatchery  
  15  1:08  Drone x3  
  18  1:13  Spawning Pool  
  18  1:18  Extractor  
  17  1:28  Drone  
  18  1:33  Drone  
  19  1:45  Drone  
  20  1:50  Unknown  
  19  1:55  Drone  
  19  2:01  Queen  
  22  2:03  Queen, Overlord  
  22  2:05  Drone  
  25  2:15  Drone  
  25  2:21  Zergling x2  
  27  2:25  Zergling x2  
  28  2:31  Drone  
  29  2:39  Metabolic Boost  
  29  2:44  Hatchery  
  29  2:45  Drone  
  29  2:53  Overlord  
  29  2:54  Drone  
  30  2:59  Queen  
  32  3:06  Drone  
  33  3:13  Drone x4  
  37  3:23  Zergling x12  
  43  3:32  Spore Crawler  
  43  3:33  Spore Crawler  
  38  3:52  Drone x5, Lair  
  38  3:53  Drone  
  44  4:01  Drone x4  
  48  4:16  Queen  
  47  4:18  Drone x3  
  47  4:19  Overlord  
  50  4:26  Overlord  
  50  4:36  Overlord  
  50  4:40  Spore Crawler x2  
  50  4:41  Drone x2  
  49  4:46  Drone x8  
  49  4:47  Overlord  
  49  4:49  Extractor  
  49  4:50  Extractor  
  49  4:52  Hydralisk Den  
  54  4:59  Drone, Evolution Chamber  
  54  5:00  Evolution Chamber  
  51  5:11  Spore Crawler  
  51  5:13  Drone x2  
  51  5:14  Overlord  
  54  5:16  Overlord  
  51  5:30  Hydralisk x7  
  51  5:32  Overlord  
  65  5:38  Overlord  
  65  5:39  Queen  
  65  5:40  Queen  
  69  5:48  Hydralisk x2  
  73  5:50  Muscular Augments  
  72  6:06  Hydralisk x6  
  84  6:23  Baneling Nest  
  84  6:25  Drone x3  
  85  6:26  Drone x2  
  85  6:30  Hydralisk  
  85  6:31  Zergling x2  
  89  6:32  Overlord  
  68  7:03  Zergling x34  
  78  7:18  Grooved Spines  
  78  7:21  Drone  
  76  7:24  Drone x3  
  76  7:27  Baneling x15  
  76  7:29  Zergling x10  
  84  7:33  Queen  
  83  7:45  Zergling x8  
  76  7:59  Zergling x16  
  84  8:06  Hydralisk x2  
  84  8:11  Baneling  
  84  8:12  Baneling x5  
  88  8:16  Zergling x6  
  88  8:18  Zergling x10  
  88  8:19  Zergling x2  
  97  8:20  Baneling x2  
  84  8:41  Zergling x12  
Tags
 
Add a new tag
Caveats
  • Supply blocks, unpowered buildings, or Contaminate may cause inaccurate times.
  • Supply counts are checked every 10 seconds.